Map: Port Aleksander LE

Players

Rail

  • Race: Protoss Protoss
  • League: Grandmaster
  • Spawn Location: 5:00

ShoWTimE - Winner!

  • Race: Protoss Protoss
  • League: Grandmaster
  • Spawn Location: 11:00

Event: 2019 WCS Winter Europe

VOD

Have the link to the VOD?

Description

Time

  • Played on: March 23, 2019, 9:40 a.m.
  • Length: 13:06

All games in this series

Show
View Real Time Build Order
Export as new Build Order

Rail Protoss 

Build Orders: Zealot Archon 

Get SALT Encoding   

  12  0:01  Probe  
  13  0:13  Probe  
  14  0:18  Pylon  
  14  0:24  Probe  
  15  0:32  Probe  
  15  0:38  Gateway  
  15  0:40  Probe  
  16  0:47  Assimilator  
  17  0:51  Probe  
  17  0:56  Assimilator  
  18  1:00  Probe  
  19  1:08  Probe  
  19  1:10  Gateway  
  19  1:18  Probe  
  21  1:26  Cybernetics Core  
  21  1:30  Probe  
  22  1:35  Pylon  
  22  1:42  Probe  
  23  1:52  Warp Gate  
  23  1:54  Probe  
  24  2:02  Stalker, Sentry  
  24  2:06  Probe  
  29  2:12  Pylon  
  29  2:29  Sentry  
  31  2:39  Sentry  
  31  2:41  Probe  
  34  2:45  Nexus  
  36  3:00  Shield Battery  
  36  3:05  Stalker  
  38  3:14  Pylon  
  38  3:17  Probe  
  36  3:29  Probe  
  37  3:35  Forge  
  37  3:41  Probe  
  37  3:43  Stalker, Twilight Council  
  37  3:44  Stalker  
  42  3:51  Probe  
  42  3:53  Probe  
  43  3:59  Probe  
  43  4:01  Probe  
  44  4:07  Stalker  
  44  4:08  Protoss Ground Weapons Level 1, Probe  
  48  4:11  Probe  
  50  4:18  Stalker  
  50  4:19  Blink  
  50  4:20  Probe  
  53  4:24  Pylon  
  53  4:26  Probe  
  54  4:33  Stalker  
  54  4:35  Probe  
  54  4:37  Probe  
  57  4:45  Probe  
  58  4:48  Probe  
  58  4:50  Pylon  
  60  4:54  Probe  
  60  4:57  Assimilator  
  61  5:00  Probe  
  61  5:01  Assimilator  
  61  5:02  Probe  
  63  5:09  Robotics Facility  
  63  5:11  Stalker, Probe  
  63  5:12  Probe  
  66  5:24  Probe x2  
  66  5:27  Pylon  
  68  5:40  Probe x2, Gateway x2  
  70  5:46  Protoss Ground Weapons Level 2  
  70  5:47  Pylon  
  70  5:51  Gateway  
  70  5:54  Gateway  
  70  5:58  Immortal  
  70  6:02  Templar Archives  
  74  6:17  Gateway  
  74  6:19  Gateway  
  74  6:20  Charge  
  74  6:32  Nexus  
  74  6:36  Pylon  
  74  6:42  High Templar x2  
  74  6:45  Immortal  
  82  6:47  Archon  
  82  6:54  Pylon  
  82  7:00  Pylon  
  82  7:01  Pylon  
  82  7:12  Zealot x3, High Templar x2  
  92  7:16  Archon  
  92  7:17  Warp Prism  
  92  7:24  Protoss Ground Weapons Level 3  
  94  7:43  Zealot x2, High Templar x2  
  102  7:44  Zealot  
  102  7:45  Pylon  
  102  7:47  Pylon  
  102  7:48  Zealot x3  
  102  7:50  Archon  
  111  7:58  Observer  
  111  8:06  Pylon  
  111  8:15  Zealot x3  
  111  8:17  Probe  
  116  8:21  Probe  
  113  8:29  Probe  
  113  8:30  Photon Cannon  
  113  8:31  Probe  
  113  8:33  Probe  
  113  8:40  Zealot x2, High Templar x2  
  113  8:41  Probe  
  121  8:42  Zealot x3  
  121  8:44  Archon  
  121  8:45  Zealot  
  129  8:49  Pylon  
  129  8:53  Probe  
  129  8:55  Probe  
  131  8:57  Pylon  
  131  9:06  High Templar x2  
  131  9:07  Zealot x2, Probe  
  131  9:08  Zealot  
  142  9:12  Archon  
  142  9:13  Probe  
  143  9:19  Zealot x3  
  143  9:23  Pylon  
  149  9:33  Zealot x3  
  149  9:38  Photon Cannon  
  155  9:41  High Templar x2  
  155  9:42  Zealot  
  161  9:46  Stalker  
  161  9:48  Zealot  
  161  9:49  Archon  
  165  9:55  Zealot  
  165  9:56  Zealot x2  
  171  10:11  Zealot x3  
  177  10:14  Zealot  
  177  10:16  Zealot x2, High Templar x2  
  177  10:20  Archon  
  187  10:34  Zealot  
  189  10:43  Pylon  
  189  10:47  Pylon  
  189  11:00  High Templar  
  189  11:01  High Templar  
  189  11:02  Zealot x3  
  197  11:08  Zealot x2, Archon  
  197  11:09  Zealot  
  173  11:15  Immortal  
  111  11:23  Zealot x3  
  91  11:30  Zealot x2  
Show
View Real Time Build Order
Export as new Build Order

ShoWTimE Protoss - Winner!

Build Orders: Oracle Opening, Phoenix Opening, Zealot Archon 

Get SALT Encoding   

  12  0:01  Probe  
  13  0:13  Probe  
  14  0:19  Pylon  
  14  0:25  Probe  
  15  0:33  Probe  
  15  0:38  Gateway  
  15  0:41  Probe  
  16  0:47  Assimilator  
  17  0:51  Probe  
  17  0:56  Assimilator  
  18  0:59  Probe  
  19  1:07  Probe  
  20  1:13  Gateway  
  20  1:18  Probe  
  21  1:26  Cybernetics Core  
  21  1:30  Probe  
  22  1:37  Pylon  
  22  1:42  Probe  
  23  1:55  Probe  
  24  2:02  Stalker, Sentry  
  24  2:05  Warp Gate  
  28  2:13  Pylon  
  28  2:30  Pylon  
  28  2:36  Phoenix, Stargate  
  27  2:45  Nexus  
  27  2:49  Probe  
  28  2:57  Stalker  
  27  3:05  Stalker  
  30  3:09  Probe  
  30  3:10  Oracle  
  33  3:22  Probe  
  37  3:30  Pylon  
  37  3:35  Probe  
  37  3:39  Oracle  
  38  3:44  Shield Battery  
  38  3:48  Probe  
  42  3:59  Probe  
  42  4:00  Probe  
  44  4:07  Probe  
  44  4:08  Robotics Facility  
  44  4:12  Probe  
  44  4:16  Probe  
  46  4:23  Forge  
  47  4:24  Probe  
  47  4:25  Probe  
  49  4:33  Probe  
  49  4:36  Probe  
  49  4:37  Protoss Ground Weapons Level 1  
  49  4:38  Sentry  
  53  4:42  Pylon  
  53  4:43  Probe  
  53  4:48  Probe  
  53  4:51  Assimilator  
  55  4:53  Assimilator  
  55  4:55  Probe  
  55  4:56  Observer  
  57  5:00  Probe  
  58  5:07  Probe  
  58  5:11  Pylon  
  58  5:12  Probe  
  60  5:18  Immortal  
  60  5:19  Probe  
  65  5:28  Gateway x2  
  65  5:31  Twilight Council  
  65  5:33  Probe  
  66  5:45  Gateway x2  
  66  5:57  Immortal  
  66  6:00  Charge  
  70  6:05  Protoss Ground Weapons Level 2  
  70  6:15  Templar Archives  
  70  6:19  Gateway  
  70  6:22  Gateway  
  70  6:24  Pylon  
  70  6:36  Warp Prism  
  72  6:46  Zealot x4, Pylon  
  80  6:51  High Templar x2  
  84  6:56  Archon  
  84  7:05  Nexus  
  84  7:12  Pylon  
  84  7:15  Zealot, High Templar x2  
  88  7:16  Zealot  
  88  7:20  Archon  
  92  7:23  Adept  
  92  7:26  Pylon  
  94  7:30  Adept  
  96  7:39  Zealot x3  
  102  7:47  High Templar x2  
  102  7:48  Zealot x2  
  110  7:51  Archon  
  110  7:56  Protoss Ground Weapons Level 3  
  110  8:01  Pylon  
  110  8:03  Pylon  
  110  8:04  Pylon  
  108  8:27  High Templar x2  
  108  8:28  Zealot x6  
  108  8:32  Archon  
  119  8:45  Pylon  
  119  8:55  Zealot x4  
  119  8:56  Zealot x2  
  131  9:08  High Templar x2  
  135  9:11  Shield Battery  
  135  9:12  Archon  
  135  9:17  Zealot x5  
  145  9:30  Pylon  
  145  9:35  High Templar  
  147  9:39  High Templar  
  147  9:40  Zealot x4  
  147  9:44  Archon  
  157  9:51  Zealot x2  
  161  9:53  Pylon  
  161  9:55  Pylon  
  161  10:01  High Templar x2  
  161  10:05  Archon  
  165  10:09  Pylon  
  165  10:11  Pylon  
  165  10:15  Zealot x4  
  173  10:23  Zealot x2  
  177  10:33  Pylon  
  177  10:34  Zealot x2  
  181  10:37  Zealot x2  
  181  10:42  Zealot x2  
  189  10:47  Pylon  
  187  10:51  High Templar x2  
  187  10:55  Archon  
  191  10:57  High Templar x2  
  191  10:59  Zealot x2  
  191  11:01  Archon  
  199  11:09  Zealot x2  
  113  11:21  Zealot x2  
  107  11:26  Zealot x2  
Tags
 
Add a new tag
Caveats
  • Supply blocks, unpowered buildings, or Contaminate may cause inaccurate times.
  • Supply counts are checked every 10 seconds.